 Dungeon Crawl Stone Soup version 0.29.1-14-g9c671dbff4 (webtiles) character file.

Game seed: 15100231767964558169

37 BabyfaceFinlayson the Insei (level 3, -1/26 HPs)
             Began as a Merfolk Transmuter on Feb 18, 2023.
             Succumbed to an adder's poison
             ... on level 2 of the Dungeon.
             The game lasted 00:04:30 (2431 turns).

BabyfaceFinlayson the Insei (Merfolk Transmuter)    Turns: 2431, Time: 00:04:31

Health: -1/26      AC:  2    Str:  8 (10) XL:     3   Next: 41%
Magic:  6/6        EV: 12    Int: 11 (14) God:
Gold:   148        SH:  0    Dex: 13 (14) Spells: 0/6 levels left

rFire   . . .      SeeInvis .     - Unarmed
rCold   . . .      Faith    .   (no shield)
rNeg    + . .      Spirit   .   a - +0 robe
rPois   .          Reflect  .   (helmet currently unavailable)
rElec   .          Harm     .   (no cloak)
rCorr   .          Rampage  .   (no gloves)
Will    .....                   (boots currently unavailable)
Stlth   +.........              f - amulet of magic regeneration
HPRegen 0.08/turn               c - ring of positive energy
MPRegen 0.50/turn               (no ring)

@: mighty, lethally poisoned (-1 -> -12), appendages
A: horns 2, (nimble swimmer 2), mertail
a: End Transformation


You were on level 2 of the Dungeon.
You had temporarily grown beastly horns.
You visited 1 branch of the dungeon, and saw 2 of its levels.

You collected 148 gold pieces.

Inventory:

Armour
 a - a +0 robe (worn)
Magical Staves
 k - a staff of poison
Jewellery
 c - a ring of positive energy (left hand)
 f - an amulet of magic regeneration (around neck)
 m - a ring of ice
Scrolls
 d - 2 scrolls of acquirement {unknown}
 e - a scroll of enchant armour {unknown}
 g - 3 scrolls of blinking {unknown}
 i - a scroll of poison {unknown}
 n - a scroll of amnesia {unknown}
 p - a scroll of torment {unknown}
 q - a scroll of vulnerability {unknown}
 r - a scroll of fear {unknown}
 s - a scroll of identify {unknown}
Potions
 b - 2 potions of lignification
 h - a potion of degeneration
 j - a potion of might
 l - 2 potions of attraction {unknown}
 o - a potion of resistance {unknown}


   Skills:
 + Level 1.5 Fighting
 + Level 2.8 Dodging
 + Level 0.2 Stealth
 + Level 3.9 Unarmed Combat
 + Level 2.3 Spellcasting
 + Level 3.2 Transmutations


You couldn't memorise any spells.
You knew the following spells:

 Your Spells              Type           Power      Damage    Failure   Level
a - Beastly Appendage     Tmut           16%        N/A       8%          1
b - Wereblood             Tmut           8%         N/A       11%         2
c - Spider Form           Tmut/Pois      4%         N/A       41%         3

Your spell library contained the following spells:

 Spells                   Type           Power      Damage    Failure   Level
 Ice Form                 Ice/Tmut       4%         N/A       82%         4


Dungeon Overview and Level Annotations

Branches:
Dungeon (2/15)

Altars:


Innate Abilities, Weirdness & Mutations

You have temporarily grown beastly horns.
((You are very nimble when in or above water. (Stealth+, EV+, Speed+++)))
Your lower body shifts to a powerful aquatic tail in water.


Message History

A kobold comes into view. It is wielding a +0 short sword.
Casting: Beastly Appendage (safe; 6% risk of failure)
Confirm with . or Enter, or press ? or * to list all spells.
You extend your transformation's duration.
You closely miss the adder. The adder bites you but does no damage.
You punch the adder! Your headbutt misses the adder.
The adder is heavily wounded.
The adder bites you.
You are poisoned.
The adder poisons you! The adder bites you.
You closely miss the adder. Your headbutt misses the adder.
The adder is heavily wounded.
You feel sick. The adder bites you.
You barely miss the adder.
The adder is heavily wounded.
You feel sick. The adder barely misses you.
You miss the adder.
The adder is heavily wounded.
You feel sick. The adder barely misses you.
You hit the adder.
The adder is severely wounded.
You feel sick. The adder bites you.
You are lethally poisoned!
The adder poisons you! The adder closely misses you.
You closely miss the adder.
The adder is severely wounded.
* * * LOW HITPOINT WARNING * * *
You feel sick. The adder bites you.
* * * LOW HITPOINT WARNING * * *
You are more poisoned.
The adder poisons you!
It was a potion of degeneration.
There was something very wrong with that liquid.
You feel weakened.
You feel dopey.
You feel clumsy.
* * * LOW HITPOINT WARNING * * *
You feel very sick. The adder barely misses you.
It was a potion of might.
You feel very mighty all of a sudden.
You die...

#.#.##...)....
#..###......>>
..## ######..#
#........ #.#.
........#
#........ #.#.
#######.#
#........ #.#.
#.# #......(.
#... #.# #..#
#.#######.#
#.##
#...@SKK..#
##.#
###########
##. #. #. ##


You could see an adder and 2 kobolds.

Vanquished Creatures
  A gnoll (D:1)
  A dart slug (D:1)
  4 ball pythons
  2 bats (D:2)
  2 endoplasms (D:1)
  3 goblins (D:1)
  4 hobgoblins
  3 quokkas
  2 kobolds (D:1)
22 creatures vanquished.

Notes
Turn   | Place    | Note
-------+----------+-------------------------------------------
     0 | D:1      | BabyfaceFinlayson the Merfolk Transmuter began the quest
                  | for the Orb.
     0 | D:1      | Reached XP level 1. HP: 15/15 MP: 3/3
    26 | D:1      | You fall into a shaft and drop 1 floor!
   190 | D:2      | Found a faded altar of an unknown god.
   615 | D:1      | Reached XP level 2. HP: 7/21 MP: 3/5
   618 | D:1      | Learned a level 2 spell: Wereblood
  1133 | D:1      | Reached XP level 3. HP: 16/26 MP: 4/6
  2190 | D:1      | Learned a level 3 spell: Spider Form
  2335 | D:2      | Identified the +5 sling "Mefoqas" {venom, rC+}
  2430 | D:2      | HP: 1/26 [poisoned by an adder]
  2431 | D:2      | Succumbed to an adder's poison

Illustrated notes

Levels and vault maps discovered:
D:1:      nicolae_arrival_memento_mori, layout_basic, serial_aquarium,
          aquarium_bridge_square [aquarium_subvault_bridge,
          aquarium_subvault_wall, aquarium_subvault_bridge,
          aquarium_subvault_wall], aquarium_bridge_square
          [aquarium_subvault_balcony, aquarium_subvault_wall,
          aquarium_subvault_window, aquarium_subvault_bridge],
          aquarium_window_fake, aquarium_window_fake, aquarium_window_1,
          aquarium_window_fake, aquarium_view_2b, aquarium_view_2b,
          aquarium_balcony_5b, aquarium_pool_corner
D:2:      layout_loops_ring, hellmonk_ecumenical_altar_crossroads,
          pf_guarded_unrand_woodcutter

Skill      XL: |  1  2 |
---------------+-------+-----
Transmutations | 3 |  3.2
Fighting       | |  1.5
Dodging        | |  2.8
Stealth        | |  0.2
Unarmed Combat | |  3.9
Spellcasting   | |  2.3

Action                   || total
-------------------------++-------
Melee: Unarmed           ||    71
       Headbutt          ||    12
       Punch             ||     1
 Cast: Beastly Appendage ||    21
       Wereblood         ||     5
  Use: Potion            ||     2
Armor: Robe              ||    12
Dodge: Dodged            ||    43
